 Dungeon Crawl Stone Soup version 0.22-a0-480-g991dd4b (webtiles) character file.

127 pk666 the Firebug (level 4, 0/24 HPs)
             Began as a Deep Elf Fire Elementalist on June 17, 2018.
             Slain by a worker ant (3 damage)
             ... on level 3 of the Dungeon.
             The game lasted 00:05:36 (2128 turns).

pk666 the Firebug (Deep Elf Fire Elementalist)      Turns: 2128, Time: 00:05:36

Health: 0/24       AC:  3    Str:  5    XL:     4   Next: 85%
Magic:  10/12      EV: 13    Int: 21    God:
Gold:   197        SH:  0    Dex: 15    Spells: 10/11 levels left

rFire    . . .     SeeInvis .   o - +0 quarterstaff (protect)
rCold    . . .     Gourm    .   (shield currently unavailable)
rNeg     . . .     Faith    .   a - +0 robe
rPois    .         Spirit   .   (no helmet)
rElec    .         Reflect  .   b - +0 cloak
rCorr    .         Harm     .   (no gloves)
MR       .....                  (no boots)
Stlth    +++.......             (no amulet)
HPRegen  0.08/turn              d - ring of stealth
MPRegen  0.13/turn              (no ring)

@: no status effects
A: no striking features
a: no special abilities


You were on level 3 of the Dungeon.
You were hungry.

You visited 1 branch of the dungeon, and saw 4 of its levels.

You collected 197 gold pieces.

Inventory:

Hand Weapons
 o - a +0 quarterstaff of protection (weapon)
Armour
 a - a +0 robe (worn)
 b - a +0 cloak (worn)
Jewellery
 d - a ring of stealth (left hand)
Scrolls
 g - 4 scrolls of identify {unknown}
 i - a scroll of remove curse {unknown}
 j - a scroll of noise {unknown}
 l - a scroll of magic mapping {unknown}
 m - a scroll of enchant armour {unknown}
 n - a scroll of immolation {unknown}
Potions
 e - a potion of flight {unknown}
 f - a potion of might {unknown}
 h - 2 potions of degeneration {unknown}
 k - a potion of lignification {unknown}
 q - a potion of curing {unknown}
Comestibles
 c - 5 rations


   Skills:
 - Level 2.4 Dodging
 - Level 2.4 Stealth
 + Level 4.2 Spellcasting
 * Level 3.7 Conjurations
 + Level 4.2 Fire Magic


You had 10 spell levels left.
You knew the following spells:

 Your Spells              Type           Power        Failure   Level  Hunger
a - Flame Tongue          Conj/Fire      ###..        2%          1    None

Your spell library contained the following spells:

 Spells                   Type           Power        Failure   Level  Hunger
 Fireball                 Conj/Fire      ###.......   54%         5    ######.
 Conjure Flame            Conj/Fire      ###.....     7%          3    ###....
 Throw Flame              Conj/Fire      ###...       3%          2    #......
 Sticky Flame             Conj/Fire      ###.....     22%         4    ####...
 Inner Flame              Hex/Fire       ##......     16%         3    ###....


Dungeon Overview and Level Annotations

Branches:
Dungeon (4/15)
 Temple: D:4-7

Altars:


Message History

Confirm with . or Enter, or press ? or * to list all spells.
Aiming: Flame Tongue (safe; 2% risk of failure)
Press: ? - help, Shift-Dir - straight line, f - worker ant
Aim: a worker ant The flame tongue hits the worker ant.
The worker ant is severely wounded.
The frilled lizard hisses angrily.
The worker ant closely misses you.
The leopard gecko completely misses you.
The worker ant bites you.
* * * LOW HITPOINT WARNING * * *
Casting: Flame Tongue (safe; 2% risk of failure)
Confirm with . or Enter, or press ? or * to list all spells.
Aiming: Flame Tongue (safe; 2% risk of failure)
Press: ? - help, Shift-Dir - straight line, f/p - worker ant
Aim: a worker ant (severely wounded)
The flame tongue misses the worker ant.
The leopard gecko bites you.
* * * LOW HITPOINT WARNING * * *
The worker ant bites you.
You die...

######...###.###.#.#######
##...#...........#.........
##.###...................####
#<## ##...l.......#......#...
#####.# #....................##
......#####...............(......
.......#.#.......................
#######.#........a............#..
.......###.#....@l...###......#.#
#######.#.####.#.###.# ##.....#.#
##.## #...# # #.##....# #.# #.#.#
#..#.#### #.# #[#... ##.#.. #.#
#)##### ### #.##.# #.# #)#
##.###.# .# #.# #.#
##...##.##.#.. #.#
#.#####.....#.##.#.


You could see a worker ant, a leopard gecko and a frilled lizard.

Vanquished Creatures
  Jessica (D:3)
  3 adders
  2 oozes
  3 worms (D:2)
  A leopard gecko (D:1)
  3 orcs (D:3)
  A giant cockroach (D:1)
  5 goblins
  5 hobgoblins
  7 jackals (D:1)
  A quokka (D:2)
  7 bats
  3 frilled lizards
  7 kobolds
  4 rats
53 creatures vanquished.

Notes
Turn   | Place    | Note
-------+----------+-------------------------------------------
     0 | D:1      | pk666 the Deep Elf Fire Elementalist began the quest for the Orb.
     0 | D:1      | Reached XP level 1. HP: 10/10 MP: 6/6
    39 | D:1      | Reached XP level 2. HP: 15/15 MP: 0/8
   429 | D:1      | Reached XP level 3. HP: 16/19 MP: 5/10
  1418 | D:2      | Reached XP level 4. HP: 24/24 MP: 7/11
  1852 | D:3      | Noticed Jessica
  1857 | D:3      | Killed Jessica
  1996 | D:3      | You fall through a shaft!
  2107 | D:4      | Noticed an ogre
  2128 | D:3      | Slain by a worker ant

Vault maps used:
D:1:      minmay_arrival_shattered_statue
D:3:      first_ration, minmay_item_behind_shaft, uniq_ijyb, uniq_robin,
          uniq_jessica
D:4:      minmay_temple_entry_glass

Skill      XL: |  1  2  3  4 |
---------------+-------------+-----
Conjurations   | 2 3 |  3.7
Spellcasting   | 4 |  4.2
Fire Magic     | 4 |  4.2
Dodging        | |  2.4
Stealth        | |  2.4

Action                   |  1- 3 |  4- 6 || total
-------------------------+-------+-------++-------
Melee: Quarterstaff      |     1 |       ||     1
 Cast: Flame Tongue      |    67 |    26 ||    93
  Eat: Chunk             |     1 |     2 ||     3
Armor: Robe              |     3 |     2 ||     5
Dodge: Dodged            |     9 |    20 ||    29

Table legend:
 A = Spawn XP
 B = Non-spawn XP
 C = Spawn XP percentage of total XP
 D = Spawn monster count
 E = Non-spawn monster count
 F = Spawn count percentage of total count
 G = Total turns spent on level
                    A         B        C        D         E        F      G
               +---------+---------+-------+---------+---------+-------+---------
         Total |       0 |     182 |   0.0 |       0 |      53 |   0.0 |  2128
               +---------+---------+-------+---------+---------+-------+---------
           D:1 |       0 |      46 |   0.0 |       0 |      24 |   0.0 |   780
           D:2 |       0 |      56 |   0.0 |       0 |      18 |   0.0 |   927
           D:3 |       0 |      80 |   0.0 |       0 |      11 |   0.0 |   291
               +---------+---------+-------+---------+---------+-------+---------
